Map: Lerilak Crest

Players

Bop

  • Race: Zerg Zerg

Bones - Winner!

  • Race: Protoss Protoss

VOD

Have the link to the VOD?

Description

Time

  • Played on: May 1, 2015, 2:50 a.m.
  • Length: 13:36
Show
View Real Time Build Order
Export as new Build Order

Bop Zerg 

Build Orders: 3 Hatch before Pool 

Get SALT Encoding   

  12  0:00  Drone  
  13  0:08  Drone  
  14  0:36  Hatchery  
  14  0:38  Drone  
  14  1:03  Hatchery  
  13  1:11  Drone  
  14  1:15  Drone, Extractor  
  14  1:18  Drone, Extractor  
  16  1:31  Spawning Pool  
  15  1:44  Overlord  
  15  1:48  Drone x2  
  15  1:49  Drone  
  18  1:56  Drone  
  20  2:01  Drone  
  20  2:11  Drone x2  
  22  2:18  Queen  
  22  2:21  Queen  
  26  2:24  Zergling x2  
  26  2:27  Zergling x2  
  28  2:35  Drone x3  
  31  2:39  Overlord  
  31  2:46  Queen  
  33  2:52  Drone  
  34  2:59  Drone x4  
  34  3:02  Drone x2  
  40  3:10  Extractor  
  40  3:11  Drone x3  
  41  3:12  Extractor  
  41  3:15  Zergling x2  
  41  3:16  Zergling x2  
  42  3:29  Roach Warren  
  39  3:35  Drone x3  
  40  3:48  Drone x2  
  41  3:57  Overlord  
  41  4:03  Lair  
  41  4:04  Overlord  
  41  4:12  Overlord x2  
  41  4:17  Drone x6  
  47  4:20  Overlord  
  47  4:21  Drone x2  
  49  4:27  Drone x7  
  56  4:33  Metabolic Boost, Drone  
  57  4:41  Spore Crawler  
  57  4:42  Spore Crawler x2  
  57  4:43  Spore Crawler x2  
  52  4:46  Spore Crawler  
  52  4:47  Drone x2  
  53  4:54  Extractor  
  53  4:55  Extractor  
  53  4:57  Overlord  
  53  4:58  Drone  
  53  4:59  Drone  
  53  5:00  Drone x4  
  53  5:02  Drone  
  53  5:05  Drone  
  59  5:14  Overlord  
  57  5:28  Drone  
  57  5:29  Drone x6  
  63  5:38  Drone  
  63  5:41  Drone x2  
  63  5:42  Evolution Chamber  
  65  5:47  Roach  
  67  5:50  Burrow  
  67  5:53  Roach  
  67  5:54  Roach  
  71  5:57  Overlord  
  71  5:58  Extractor x2  
  71  6:01  Roach  
  71  6:04  Drone  
  72  6:18  Queen x2  
  72  6:20  Roach  
  72  6:21  Roach x5  
  72  6:22  Overlord  
  88  6:27  Zerg Missile Weapons Level 1, Roach Warren  
  88  6:29  Drone x2  
  88  6:31  Overlord  
  89  6:44  Overlord  
  89  6:45  Overlord  
  89  6:54  Queen  
  91  7:06  Hatchery  
  91  7:07  Glial Reconstitution  
  90  7:09  Roach x13  
  90  7:10  Hatchery  
  115  7:18  Overlord  
  115  7:21  Overlord  
  115  7:31  Overlord x2  
  115  7:51  Ravager x6  
  121  7:52  Overlord  
  121  7:53  Overlord x3  
  121  7:55  Overlord  
  121  7:56  Overlord  
  121  8:05  Overlord x2, Ravager  
  122  8:14  Ravager x9  
  122  8:15  Ravager x4  
  122  8:16  Zergling x28  
  122  8:18  Overlord  
  149  8:29  Roach x8  
  163  8:34  Hatchery  
  163  8:36  Zergling x10  
  165  8:55  Zergling x28  
  150  9:06  Roach x5  
  107  9:22  Roach  
  107  9:23  Roach x7  
  106  9:33  Ravager x2  
  106  9:34  Ravager x3  
  106  9:35  Roach x5  
  121  9:42  Roach  
  121  9:44  Ravager  
  121  9:45  Ravager x2  
  126  9:47  Drone x3  
  129  9:53  Ravager x2  
  129  9:55  Drone x4, Spore Crawler  
  129  9:57  Spore Crawler  
  132  10:03  Zergling x2  
  132  10:04  Zergling x10  
  121  10:23  Zergling x26  
  118  10:34  Ravager x5  
  120  10:36  Roach x4  
  128  10:46  Zergling x14  
  135  10:58  Roach x2  
  135  10:59  Roach x4  
  138  11:11  Ravager x2  
  134  11:28  Roach x10  
  134  11:29  Roach  
  134  11:31  Ravager x5  
  134  11:32  Ravager  
  154  11:43  Roach  
  154  11:44  Roach x6  
  165  11:59  Ravager x4  
  156  12:12  Zergling x10  
  156  12:13  Zergling x14  
  166  12:17  Ravager x3  
  167  12:25  Zergling x16  
  178  12:30  Ravager x3  
  168  12:46  Roach  
  168  12:47  Roach x9  
  153  13:01  Roach x5  
  134  13:14  Roach x5  
  132  13:27  Ravager x5  
Show
View Real Time Build Order
Export as new Build Order

Bones Protoss - Winner!

Build Orders: Nexus First 

Get SALT Encoding   

  12  0:01  Probe  
  13  0:13  Probe  
  14  0:40  Nexus  
  14  0:49  Pylon  
  14  1:07  Probe (Chrono Boost), Gateway  
  15  1:17  Probe (Chrono Boost)  
  16  1:24  Probe (Chrono Boost)  
  18  1:33  Probe (Chrono Boost)  
  18  1:34  Assimilator  
  18  1:37  Assimilator  
  18  1:41  Probe (Chrono Boost)  
  19  1:50  Probe (Chrono Boost)  
  20  1:58  Probe (Chrono Boost)  
  20  2:00  Cybernetics Core  
  21  2:04  Probe (Chrono Boost)  
  22  2:08  Zealot  
  22  2:10  Probe (Chrono Boost)  
  26  2:19  Probe (Chrono Boost)  
  26  2:21  Probe (Chrono Boost)  
  27  2:26  Probe  
  28  2:30  Probe  
  28  2:32  Pylon  
  29  2:37  Adept (Chrono Boost), Warp Gate  
  29  2:40  Probe (Chrono Boost)  
  35  2:52  Mothership Core (Chrono Boost), Probe (Chrono Boost)  
  34  2:59  Probe  
  34  3:02  Adept, Forge  
  37  3:07  Probe (Chrono Boost)  
  39  3:13  Probe (Chrono Boost)  
  39  3:17  Pylon  
  39  3:19  Probe (Chrono Boost)  
  40  3:23  Probe (Chrono Boost)  
  40  3:25  Probe (Chrono Boost)  
  42  3:32  Probe  
  43  3:36  Probe (Chrono Boost)  
  44  3:48  Probe (Chrono Boost), Assimilator x2  
  44  3:50  Probe (Chrono Boost)  
  44  3:53  Stargate  
  44  3:54  Stargate  
  44  3:57  Probe (Chrono Boost)  
  44  3:58  Probe (Chrono Boost)  
  44  4:00  Protoss Shields Level 1 (Chrono Boost)  
  46  4:04  Pylon  
  46  4:05  Probe  
  46  4:09  Probe  
  48  4:17  Probe  
  48  4:18  Photon Cannon  
  48  4:20  Pylon  
  48  4:21  Probe  
  50  4:29  Probe  
  51  4:33  Probe  
  51  4:36  Oracle (Chrono Boost)  
  51  4:37  Oracle (Chrono Boost)  
  58  4:40  Stalker  
  58  4:43  Probe  
  58  4:45  Probe  
  62  4:46  Pylon  
  62  4:55  Probe  
  62  4:57  Probe  
  62  4:59  Pylon  
  64  5:07  Probe  
  64  5:09  Probe  
  64  5:13  Void Ray x2 (Chrono Boost)  
  74  5:19  Pylon  
  74  5:27  Adept  
  76  5:29  Nexus  
  76  5:34  Pylon  
  76  5:47  Fleet Beacon  
  76  5:48  Pylon  
  76  5:51  Protoss Air Weapons Level 1 (Chrono Boost)  
  76  5:52  Protoss Ground Weapons Level 1 (Chrono Boost)  
  76  6:02  Probe x2  
  78  6:05  Void Ray (Chrono Boost)  
  82  6:15  Void Ray (Chrono Boost)  
  86  6:19  Assimilator  
  86  6:24  Assimilator  
  86  6:26  Pylon  
  86  6:35  Probe x2, Pylon  
  88  6:42  Carrier (Chrono Boost), Photon Cannon  
  88  6:45  Photon Cannon  
  88  6:49  Carrier (Chrono Boost)  
  88  7:05  Probe x3  
  103  7:10  Graviton Catapult (Chrono Boost)  
  103  7:18  Photon Cannon  
  103  7:20  Probe x3  
  106  7:42  Gateway x2  
  106  7:43  Probe x3  
  109  7:46  Pylon  
  109  7:48  Gateway  
  109  7:52  Carrier (Chrono Boost)  
  109  7:59  Carrier (Chrono Boost)  
  109  8:02  Twilight Council  
  121  8:22  Gateway  
  121  8:23  Gateway  
  121  8:26  Gateway  
  121  8:27  Photon Cannon  
  121  8:39  Pylon  
  121  8:53  Carrier (Chrono Boost)  
  121  8:55  Adept x4  
  119  8:57  Carrier (Chrono Boost)  
  124  9:19  Pylon  
  124  9:20  Forge  
  124  9:29  Gateway  
  124  9:35  Pylon  
  124  9:42  Zealot x3  
  130  9:48  Cybernetics Core  
  130  9:55  Shield Upgrade (Chrono Boost)  
  130  9:57  Nexus, Photon Cannon  
  130  10:09  Zealot x6  
  130  10:14  Photon Cannon  
  142  10:16  Assimilator  
  142  10:20  Assimilator  
  142  10:24  Pylon  
  142  10:25  Protoss Shields Level 2 (Chrono Boost), Pylon  
  138  10:38  Charge (Chrono Boost)  
  138  10:40  Robotics Facility  
  138  10:47  Gateway x2  
  138  10:49  Pylon  
  138  10:50  Photon Cannon  
  138  10:52  Gateway  
  138  10:53  Gateway, Probe x2  
  138  10:56  Protoss Air Weapons Level 2 (Chrono Boost)  
  140  11:08  Photon Cannon  
  140  11:10  Photon Cannon  
  140  11:13  Carrier (Chrono Boost)  
  140  11:15  Pylon  
  140  11:16  Templar Archives  
  140  11:18  Carrier (Chrono Boost)  
  140  11:28  Probe x3  
  140  11:30  Observer (Chrono Boost)  
  156  11:41  Warp Prism (Chrono Boost)  
  158  11:53  Psionic Storm  
  158  11:59  High Templar x3  
  158  12:00  High Templar  
  162  12:08  Carrier (Chrono Boost)  
  162  12:12  Carrier (Chrono Boost)  
  164  12:42  Robotics Bay  
  149  13:15  Photon Cannon  
  149  13:16  Pylon  
  149  13:19  Pylon  
  149  13:28  Adept x5  
  149  13:29  Adept x3  
Tags
 
Add a new tag
Caveats
  • Supply blocks, unpowered buildings, or Contaminate may cause inaccurate times.
  • Supply counts are checked every 10 seconds.